 Dungeon Crawl Stone Soup version 0.32-a0-460-gc8eefc90e7 (webtiles) character file.

Game seed: 12572461777165600018

120 CrazyBamboolord the Digger (level 4, -1/36 HPs)
             Began as a Mountain Dwarf Earth Elementalist on Feb 24, 2024.
             Killed from afar by an orc wizard (4 damage)
             ... with a magic dart
             ... on level 4 of the Dungeon.
             The game lasted 00:07:11 (2941 turns).

CrazyBamboolord the Digger (MDEE)                   Turns: 2941, Time: 00:07:13

Health: -1/36      AC:  6    Str: 11    XL:     4   Next: 75%
Magic:  0/8        EV: 10    Int: 23    God:
Gold:   175        SH:  0    Dex: 10    Spells: 1/8 levels left

rFire   . . .        q - +1 mace (drain)
rCold   . . .        (no shield)
rNeg    . . .        j - +0 ring mail
rPois   .            (no helmet)
rElec   .            k - +0 cloak
rCorr   .            (no gloves)
SInv    .            (no boots)
Will    .....        (no amulet)
Stlth   +            n - +6 ring of intelligence
HPRegen 0.26/turn    (no ring)
MPRegen 0.11/turn

%: no passive effects
@: invisible
A: runic magic, artefact enchanting
a: no special abilities


You were on level 4 of the Dungeon.
You visited 1 branch of the dungeon, and saw 4 of its levels.

You collected 175 gold pieces.

Inventory:

Hand Weapons
 e - a +3 vampiric dagger
 q - a +1 mace of draining (weapon)
Armour
 j - a +0 ring mail (worn)
 k - a +0 cloak (worn)
 l - a +0 buckler
Jewellery
 n - a +6 ring of intelligence (left hand)
Scrolls
 d - a scroll of poison {unknown}
 o - a scroll of fear {unknown}
 p - a scroll of enchant armour {unknown}
Potions
 b - 2 potions of magic
 i - a potion of heal wounds {unknown}
 m - a potion of invisibility


   Skills:
 + Level 1.9 Fighting
 * Level 0.7 Armour
 - Level 1.5 Dodging
 - Level 1.4 Stealth
 * Level 2.9 Spellcasting
 * Level 1.8 Conjurations
 + Level 3.9 Earth Magic


You had one spell level left.
You knew the following spells:

 Your Spells              Type           Power      Damage    Failure   Level
a - Sandblast             Erth           42%        2d11      2%          1
b - Passwall              Erth           21%        N/A       9%          3
c - Stone Arrow           Conj/Erth      32%        3d9       13%         3

Your spell library contained the following spells:

 Spells                   Type           Power      Damage    Failure   Level
 Brom's Barrelling Bould  Conj/Erth      16%        2d4       41%         4
 Petrify                  Alch/Erth      12%        N/A       54%         4


Dungeon Overview and Level Annotations

Branches:
Dungeon (4/15)
 Temple: D:4-7

Altars:
Elyvilon

Shops:
D:1 [


Innate Abilities, Weirdness & Mutations

Your spellcasting is much less encumbered by armour.
You can use scrolls of enchantment on lesser artefacts.


Message History

The orc barely misses you. The orc closely misses you. Something hits you.
Unknown command.
Aiming: Sandblast (safe; 2% risk of failure)
Press: ? - help, Q - select action, (/) - cycle Shift-Dir - straight line The blast of sand hits something!
The orc hits you but does no damage. The orc closely misses you.
Something hits you. The orc hits you with a +0 morningstar!
* * * LOW HITPOINT WARNING * * *
Aiming: Sandblast (safe; 2% risk of failure)
Press: ? - help, Q - select action, (/) - cycle Shift-Dir - straight line The orc closely misses you.
You hear some strange, mumbled words.
Something tries to affect you, but you resist.
The orc closely misses you. x2; Something hits you.
* * * LOW HITPOINT WARNING * * *
You feel better. The orc barely misses you.
The orc hits you with a +0 falchion!
* * * LOW HITPOINT WARNING * * *
Something hits you.
* * * LOW HITPOINT WARNING * * *
Okay, then.
Blink to where?
Press: ? - help, Dir - move target
As you read the scroll of blinking, it crumbles to dust.
You fade into invisibility!
Aiming: Sandblast (safe; 2% risk of failure)
Press: ? - help, Q - select action, (/) - cycle Shift-Dir - straight line, f - orc
Aim: an orc, wielding a +0 falchion and wearing a +0 leather armour (severely wounded, unable to see you, 83% to hit)
The blast of sand misses the orc.
Unknown command.
You don't have enough magic to cast this spell.
A puff of flame appears from out of thin air!
The puff of flame misses you.
You hit the orc. You drain the orc.
The orc is heavily wounded.
The orc hits you with a +0 morningstar.
* * * LOW HITPOINT WARNING * * *
A magic dart appears from out of thin air!
The magic dart hits you.
You die...

≈≈≈≈≈...###.#
..........#.#
≈≈≈≈≈.#.....#
≈≈≈≈≈.......#
≈≈≈≈....{.).#
≈≈..........#
............#
..........o.#
.#...@o.#
.....######
###


You could see 2 orcs.

Vanquished Creatures
  An orc priest (D:3)
  2 adders (D:2)
  2 dart slugs (D:1)
  8 orcs
  4 bats
  8 endoplasms
  5 goblins
  4 hobgoblins
  5 kobolds
  2 quokkas
  8 ball pythons
  4 rats
53 creatures vanquished.

Notes
Turn   | Place    | Note
-------+----------+-------------------------------------------
     0 | D:1      | CrazyBamboolord the Mountain Dwarf Earth Elementalist began
                  | the quest for the Orb.
     0 | D:1      | Reached XP level 1. HP: 14/14 MP: 3/3
   107 | D:1      | Found a faded altar of an unknown god.
   199 | D:1      | Reached skill level 1 in Conjurations
   440 | D:1      | Reached XP level 2. HP: 22/22 MP: 3/5
   477 | D:1      | Found Umoqakawki's Antique Armour Shop.
  1099 | D:2      | Reached skill level 1 in Fighting
  1179 | D:2      | Reached XP level 3. HP: 28/28 MP: 3/6
  1183 | D:2      | Learned a level 3 spell: Passwall
  1472 | D:2      | You fall into a shaft and drop 1 floor!
  2324 | D:3      | Reached XP level 4. HP: 35/35 MP: 5/7
  2713 | D:3      | Found a white marble altar of Elyvilon.
  2897 | D:3      | Learned a level 3 spell: Stone Arrow
  2941 | D:4      | Killed from afar by an orc wizard

Illustrated notes

Levels and vault maps discovered:
D:1:      dpeg_arrival_court, layout_basic,
          chequers_ecumenical_altar_simple_redux, serial_shops, shop
D:2:      layout_loops_corners
D:3:      cheibrodos_old_hovel, layout_rooms,
          mainiacjoe_overflow_surrounded_room, st_stairs_4
D:4:      gammafunk_steamed_eel, layout_basic, temple_pool_b,
          nicolae_shop_firing_range

Skill      XL: |  1  2 |
---------------+-------+-----
Conjurations   | 1 |  1.8
Spellcasting   | 2 |  2.9
Fighting       | 1 |  1.9
Armour         | |  0.7
Dodging        | |  1.5
Stealth        | |  1.4
Earth Magic    | |  3.9

Action                     |  1- 3 |  4- 6 || total
---------------------------+-------+-------++-------
  Melee: Dagger            |    16 |     5 ||    21
         Mace              |       |     2 ||     2
   Cast: Sandblast         |    53 |    26 ||    79
    Use: Scroll            |     1 |     5 ||     6
         Potion            |       |     2 ||     2
 Armour: Robe              |    21 |     5 ||    26
         Ring mail         |       |    20 ||    20
  Dodge: Dodged            |    21 |    25 ||    46

Table legend: (Time is in decaauts)
 A = Elapsed time spent in this place.
 B = Non-inter-level travel time spent in this place.
 C = Inter-level travel time spent in this place.
 D = Time resting spent in this place.
 E = Time spent auto-exploring this place.
 F = Levels seen in this place.
 G = Mean time per level.
                   A        B        C        D        E       F      G
               +--------+--------+--------+--------+--------+-----+--------+
         Total |   2979 |   2831 |    148 |    158 |   2245 |   4 |  744.8 |
       Dungeon |   2979 |   2831 |    148 |    158 |   2245 |   4 |  744.8 |
               +--------+--------+--------+--------+--------+-----+--------+

Top non-repeatable levels by time:
     D:1: 1107 daAuts
     D:2: 1087 daAuts
     D:3: 759 daAuts
     D:4: 24 daAuts
